[Event "FIDE Chesscom Grand Swiss 2021"]
[Site "Riga"]
[Date "2021.11.04"]
[Round "8.53"]
[White "Meshkovs, Nikita"]
[Black "Morovic Fernandez, Ivan"]
[Result "1-0"]
[ECO "A07"]
[WhiteElo "2550"]
[BlackElo "2510"]
[Annotator "ChessBase"]
[PlyCount "75"]
[EventDate "2021.10.27"]
[EventType "swiss"]
[EventCountry "LAT"]
[Tiebreak "Cut1 Buchholz+Sonneborn-Berger (Swiss)"]
[SourceTitle "playchess.com"]
[Source "ChessBase"]
[SourceQuality "1"]
[TimeControl "40/6000+30:20/3000+30:900+30"]

1. Nf3 d5 2. g3 c6 3. Bg2 Nf6 4. O-O Bg4 5. d3 Nbd7 6. h3 Bh5 7. Nbd2 e6 8. e4 Be7 9. Qe1 O-O 10. e5 Ne8 11. Nh2 Nc7 12. g4 Bg6 13.
f4 f6 14. Ndf3 fxe5 15. fxe5 Nb5 16. Be3 Bc5 17. Bxc5 Nxc5 18. a4 Nc7 19. Qe3 Nd7 20. h4 h6 21. h5 Bh7 22. g5 hxg5 23. Nxg5 Bf5 24. Qg3 Nxe5 25. h6 Qf6 26. Ne4 dxe4 27. dxe4 g6 28. Rae1 Rae8 29. exf5 exf5 30. Qb3+ Ne6 31. Qxb7 Rf7 32. Qb4 Ng5 33. Ng4 Ngf3+ 34. Bxf3 fxg4 35. Bd5 Nf3+ 36. Rxf3 Rxe1+ 37. Qxe1 Qd4+ 38. Rf2 1-0

[Event "FIDE Chesscom Grand Swiss 2021"]
[Site "Riga"]
[Date "2021.11.05"]
[Round "9.53"]
[White "Rakotomaharo, Fy Antenaina"]
[Black "Vokhidov, Shamsiddin"]
[Result "0-1"]
[ECO "B22"]
[WhiteElo "2484"]
[BlackElo "2521"]
[Annotator "ChessBase"]
[PlyCount "102"]
[EventDate "2021.10.27"]
[EventType "swiss"]
[EventCountry "LAT"]
[Tiebreak "Cut1 Buchholz+Sonneborn-Berger (Swiss)"]
[SourceTitle "playchess.com"]
[Source "ChessBase"]
[SourceQuality "1"]
[TimeControl "40/6000+30:20/3000+30:900+30"]

1. e4 c5 2. c3 Nf6 3. e5 Nd5 4. d4 cxd4 5. Qxd4 e6 6. Bc4 Nc6 7. Qe4 d6 8.
exd6 Nf6 9. Qe2 Bxd6 10. Nf3 Qc7 11. Nbd2 Bd7 12. Bb3 Na5 13. Bc2 a6 14. a4 h6 15. O-O O-O 16. Re1 Nd5 17. Ne5 Be8 18.
Ndf3 Rd8 19. Qe4 f5 20. Qh4 Rf6 21. g4 Nc6 22. Nxc6 Bxc6 23. Nd4 fxg4 24. Nxc6 bxc6 25. Qxg4 Bxh2+ 26. Kh1 Qf7 27. Be3 Nxe3 28. Rxe3 Rxf2 29. Bg6 Rf1+ 30. Kxh2 Qf2+ 31. Qg2 Qxg2+ 32. Kxg2 Rxa1 33. Rxe6 Rxa4 34. Rxc6 a5 35. Kf3 Ra1 36. Ke2 a4 37. Rb6 a3 38. bxa3 Rxa3 39. c4 Ra5 40. Rc6 Re5+ 41. Kf3 Rf8+ 42. Kg3 Rg5+ 43. Kh2 Rf2+ 44. Kh3 Rf3+ 45. Kh2 h5 46. c5 h4 47. Rc8+ Rf8 48. Rc6 Rg3 49. Re6 Rc3 50. c6 Rd8 51. Kg1 h3 0-1

[Event "FIDE Chesscom Grand Swiss 2021"]
[Site "Riga"]
[Date "2021.11.05"]
[Round "9.54"]
[White "Morovic Fernandez, Ivan"]
[Black "Budisavljevic, Luka"]
[Result "1/2-1/2"]
[ECO "B48"]
[WhiteElo "2510"]
[BlackElo "2508"]
[Annotator "ChessBase"]
[PlyCount "65"]
[EventDate "2021.10.27"]
[EventType "swiss"]
[EventCountry "LAT"]
[Tiebreak "Cut1 Buchholz+Sonneborn-Berger (Swiss)"]
[SourceTitle "playchess.com"]
[Source "ChessBase"]
[SourceQuality "1"]
[TimeControl "40/6000+30:20/3000+30:900+30"]

1. e4 c5 2. Nf3 e6 3. d4 cxd4 4. Nxd4 Nc6 5. Nc3 Qc7 6. Be3 a6 7. Qf3 Bd6 8. O-O-O Be5 9. Nxc6 bxc6 10. Bd4 Bxd4 11. Rxd4 Nf6 12. Qg3 Qxg3 13. hxg3 d5 14. Bd3 h6 15. Re1 O-O 16. Na4 a5 17. Nb6 Ra7 18. Ra4 Nd7 19. Nxd7 Bxd7 20. Ra3 Rb8 21. Rb3 Rxb3 22. axb3 Kf8 23. Kd2 Ke7 24. exd5 cxd5 25. Ra1 Kd6 26. c3 Kc7 27. b4 Kb6 28. bxa5+ Rxa5 29. Rxa5 Kxa5 30. Ke3 e5 31. f4 f6 32. Be2 Kb6 33. fxe5 1/2-1/2

[Event "FIDE Chesscom Grand Swiss 2021"]
[Site "Riga"]
[Date "2021.11.06"]
[Round "10.53"]
[White "Miezis, Normunds"]
[Black "Budisavljevic, Luka"]
[Result "1-0"]
[ECO "A34"]
[WhiteElo "2467"]
[BlackElo "2508"]
[Annotator "ChessBase"]
[PlyCount "107"]
[EventDate "2021.10.27"]
[EventType "swiss"]
[EventCountry "LAT"]
[Tiebreak "Cut1 Buchholz+Sonneborn-Berger (Swiss)"]
[SourceTitle "playchess.com"]
[Source "ChessBase"]
[SourceQuality "1"]
[TimeControl "40/6000+30:20/3000+30:900+30"]

1. c4 Nf6 2. Nc3 c5 3. g3 e6 4. Bg2 d5 5. cxd5 exd5 6. d3 d4 7. Ne4 Nxe4 8. Bxe4 Be7 9. h4 Nc6 10. Nh3 Bxh3 11. Rxh3 Qd7 12. Rh1 O-O 13. Kf1 f5 14. Bf3 Bd6 15. Bf4 Bxf4 16. gxf4 Rac8 17. h5 Kh8 18. h6 g6 19. Rc1 Ne7 20. Qb3 b6 21. a4 Qd6 22. e3 Rcd8 23.
Ke2 Ng8 24. Kd2 Rfe8 25. Rce1 Re7 26. Re2 Red7 27. Kc2 c4 28. Qb5 a6 29. Qxa6 dxe3 30. Rxe3 cxd3+ 31. Kb1 Qxf4 32. Qb5 d2 33. Bd1 Rc7 34. Bb3 Qd4 35. Ka2 Nf6 36. Re6 Rcd7 37. Rd1 Ne4 38. f3 Nc5 39. Rxb6 Qe3 40. Rb8 Qxb3+ 41. Qxb3 Nxb3 42. Rxd8+ Rxd8 43. Kxb3 g5 44. Kc3 Rd6 45. Rxd2 Rxh6 46. b4 g4 47. b5 g3 48. Rg2 f4 49. a5 Rh5 50. b6 Rxa5 51. b7 Rb5 52. Rb2 Rxb7 53.
Rxb7 h5 54. Rb5 1-0

[Event "FIDE Chesscom Grand Swiss 2021"]
[Site "Riga"]
[Date "2021.11.06"]
[Round "10.54"]
[White "Van Foreest, Lucas"]
[Black "Rakotomaharo, Fy Antenaina"]
[Result "1/2-1/2"]
[ECO "E38"]
[WhiteElo "2543"]
[BlackElo "2484"]
[Annotator "ChessBase"]
[PlyCount "151"]
[EventDate "2021.10.27"]
[EventType "swiss"]
[EventCountry "LAT"]
[Tiebreak "Cut1 Buchholz+Sonneborn-Berger (Swiss)"]
[SourceTitle "playchess.com"]
[Source "ChessBase"]
[SourceQuality "1"]
[TimeControl "40/6000+30:20/3000+30:900+30"]

1. d4 Nf6 2. c4 e6 3. Nc3 Bb4 4. Qc2 c5 5. dxc5 Qc7 6. Nf3 Bxc5 7. e3 a6 8. a3 b6 9. b4 Be7 10. Bb2 Bb7 11. Bd3 d6 12. O-O Nbd7 13. Ne4 Rc8 14. Rac1 h6 15. h3 O-O 16. Ned2 Qb8 17. Qb1 Bd8 18. Rfd1 Re8 19. Ne4 Be7 20. Ned2 Qa8 21. Re1 Bd8 22. e4 Bc7 23. Bf1 Red8 24. Rcd1 Ne5 25. Nxe5 dxe5 26. Qa1 a5 27. f3 axb4 28. axb4 Qxa1 29. Bxa1 Ra8 30. Nb3 Rxd1 31. Rxd1 Ra3 32. Nd2 Bc6 33. Bb2 Ra2 34. Bc3 Rc2 35. Nb1 Ba4 36. Rd2 Rxd2 37. Bxd2 Bc6 38. Nc3 h5 39. Bd3 Bd6 40. Nd1 Nd7 41. Nb2 Kf8 42. Kf2 h4 43. Bc2 f6 44. Ba4 Nb8 45.
Bxc6 Nxc6 46. Nd3 Ke7 47. Bc3 Kd7 48. Ke3 g5 49. Kd2 Kc7 50.
b5 Nb8 51. Kc2 Nd7 52. Nb4 Nf8 53. Kb3 Ng6 54. Bd2 Be7 55. Nd3 f5 56. Be3 Kb7 57. Kc2 Kc7 58. Kd1 Kb7 59. Ke1 Kc7 60. Kf1 Kb7 61. c5 bxc5 62. Nxc5+ Bxc5 63. Bxc5 Kc7 64. Kf2 Kd7 65. Kf1 Kc7 66. Kg1 Kd7 67. Kf2 Kc7 68. Be3 Nf4 69. g3 Nh5 70. gxh4 gxh4 71. Bg5 fxe4 72. fxe4 Nf4 73. Bxh4 Nxh3+ 74. Ke3 Kb6 75. Bf6 Kxb5 76. Bxe5 1/2-1/2

[Event "FIDE Chesscom Grand Swiss 2021"]
[Site "Riga"]
[Date "2021.11.07"]
[Round "11.1"]
[White "Oparin, Grigoriy"]
[Black "Firouzja, Alireza"]
[Result "1/2-1/2"]
[ECO "C65"]
[WhiteElo "2654"]
[BlackElo "2770"]
[Annotator "ChessBase"]
[PlyCount "56"]
[EventDate "2021.10.27"]
[EventType "swiss"]
[EventCountry "LAT"]
[Tiebreak "Cut1 Buchholz+Sonneborn-Berger (Swiss)"]
[SourceTitle "playchess.com"]
[Source "ChessBase"]
[SourceQuality "1"]
[TimeControl "40/6000+30:20/3000+30:900+30"]

1. e4 e5 2. Nf3 Nc6 3. Bb5 Nf6 4. d3 Bc5 5. Bxc6 dxc6 6. O-O Nd7 7. c3 O-O 8. d4 Bd6 9. Bg5 f6 10. Bh4 Qe8 11. Nbd2 a5 12. Qc2 Qf7 13. Bg3 a4 14. b3 exd4 15. Bxd6 cxd6 16. Nxd4 axb3 17. axb3 Rxa1 18. Rxa1 d5 19. exd5 Qxd5 20. Nc4 Ne5 21. Nb6 Qd8 22. Nxc8 Qxc8 23. Nf5 Qe6 24. Rd1 Nf7 25. Nd4 Qe7 26. Nf5 Qe6 27. Nd4 Qe7 28. Nf5 Qe6 1/2-1/2

[Event "FIDE Chesscom Grand Swiss 2021"]
[Site "Riga"]
[Date "2021.11.07"]
[Round "11.7"]
[White "Howell, David W L"]
[Black "Keymer, Vincent"]
[Result "1/2-1/2"]
[ECO "A11"]
[WhiteElo "2658"]
[BlackElo "2630"]
[Annotator "RC"]
[PlyCount "152"]
[EventDate "2021.10.27"]
[EventType "swiss"]
[EventCountry "LAT"]
[Tiebreak "Cut1 Buchholz+Sonneborn-Berger (Swiss)"]
[SourceTitle "playchess.com"]
[Source "ChessBase"]
[SourceQuality "1"]
[TimeControl "40/6000+30:20/3000+30:900+30"]

1. Nf3 d5 2. g3 c6 3. Bg2 Bg4 4. c4 e6 5. cxd5 Bxf3 6. Bxf3 cxd5 7. O-O Nc6 8. d4 Nf6 9. Nc3 Be7 10. e3 O-O 11. Bd2 Na5 12. b3 Nc6 13.
a3 Rc8 14. Qb1 e5 15. dxe5 Nxe5 16. Bg2 Ne4 17. Nxe4 dxe4 18. Rd1 f5 19. Bc3 Nd3 20. Bd4 Bf6 21. Bf1 Bxd4 22. Bxd3 exd3 23. Rxd3 Bxa1 24. Rxd8 Rfxd8 25. Qxa1 Rd5 26. Qa2 Kh8 27. b4 Rcd8 28. Qc2 a6 29. a4 h6 30. Kg2 Kg8 31. h3 Kh8 32. Kf3 R5d6 33.
Qc5 Rd5 34. Qe7 R8d7 35. Qe6 Kh7 36. Kg2 R7d6 37. Qc8 b5 38.
a5 Rf6 39. Qc2 Re5 40. Qc3 Re4 41. h4 Rc4 42. Qd2 Kg6 43. Kh3 Re4 44. Qc3 Rc4 45. Qb2 Re4 46. Qb3 Rc4 47. Qb1 h5 48. Qb2 Rd6 49. Qe5 Rf6 50.
Qe8+ Kh6 51. Qh8+ Kg6 52. Qe8+ Kh6 53. Qe7 Re4 54. Qc5 Rc4 55. Qe7 Re4 56. Qc5 Rc4 57. Qd5 Re4 58. Qd2 Rfe6 59. Kg2 Kg6 60. Kf1 Rc6 61. Ke2 Rce6 62. Kf3 Rf6 63. Kg2 Rfe6 64. Kh2 Kh7 65. Kh1 Rc6 66. Kg2 Rce6 67. Kf1 Kh6 68. Ke1 Kh7 69. Qd5 Rf6 70. Qd2 Rfe6 71. Kd1 Kh6 72. Kc2 Rc4+ 73. Kd1 Rce4 74. Ke2 Kg6 75. Qd5 Rf6 76. Qd2 Rfe6 1/2-1/2

[Event "FIDE Chesscom Grand Swiss 2021"]
[Site "Riga"]
[Date "2021.11.07"]
[Round "11.9"]
[White "Sjugirov, Sanan"]
[Black "Vitiugov, Nikita"]
[Result "1/2-1/2"]
[ECO "C90"]
[WhiteElo "2663"]
[BlackElo "2727"]
[Annotator "RC"]
[PlyCount "134"]
[EventDate "2021.10.27"]
[EventType "swiss"]
[EventCountry "LAT"]
[Tiebreak "Cut1 Buchholz+Sonneborn-Berger (Swiss)"]
[SourceTitle "playchess.com"]
[Source "ChessBase"]
[SourceQuality "1"]
[TimeControl "40/6000+30:20/3000+30:900+30"]

1. e4 e5 2. Nf3 Nc6 3. Bb5 a6 4. Ba4 Nf6 5. O-O Be7 6. Re1 b5 7. Bb3 O-O 8. d3 d6 9. c3 Na5 10. Bc2 c5 11. Nbd2 Re8 12. h3 Bf8 13.
Nf1 h6 14. d4 exd4 15. cxd4 cxd4 16. Ng3 Bb7 17. Nxd4 Nc4 18. b3 Ne5 19. Bb2 Rc8 20. Qd2 Qb6 21. Ndf5 g6 22. Ne3 h5 23. Bd4 Qd8 24. f3 h4 25.
Ngf1 Bh6 26. Rad1 Bf4 27. Qf2 Nh5 28. Ng4 Qg5 29. b4 Nxg4 30.
hxg4 Bg3 31. Nxg3 hxg3 32. Qd2 Nf4 33. Bb3 Qh6 34. g5 Qh4 35.
Kf1 Rc3 36. Qxf4 Qxf4 37. Bxc3 Qxg5 38. Ke2 d5 39. Rh1 f6 40. Rh3 Bc6 41. Rdh1 Kf7 42. Rh7+ Ke6 43. Rd1 f5 44. Bd2 Qd8 45. Be3 Kf6 46. Rc1 Qd6 47. Ra7 fxe4 48. Bd4+ Kg5 49. f4+ Kg4 50. Rf7 e3 51. Bd1 Kh5 52. Rh7+ Kg4 53. Rf7 Kh5 54. Rh7+ Kg4 55. Bxe3 d4 56. Kf1+ Kf5 57. Rxc6 Qxc6 58. Rf7+ Ke6 59. Bb3+ Qc4+ 60. Bxc4+ bxc4 61. Rc7 dxe3 62. Rxc4 Kd5 63.
Rc5+ Kd4 64. Ke2 Rf8 65. Kf3 Re8 66. Ke2 Rf8 67. Kf3 Re8 1/2-1/2

[Event "FIDE Chesscom Grand Swiss 2021"]
[Site "Riga"]
[Date "2021.11.07"]
[Round "11.11"]
[White "Nihal Sarin"]
[Black "Dubov, Daniil"]
[Result "1/2-1/2"]
[ECO "D02"]
[WhiteElo "2652"]
[BlackElo "2714"]
[Annotator "ChessBase"]
[PlyCount "60"]
[EventDate "2021.10.27"]
[EventType "swiss"]
[EventCountry "LAT"]
[Tiebreak "Cut1 Buchholz+Sonneborn-Berger (Swiss)"]
[SourceTitle "playchess.com"]
[Source "ChessBase"]
[SourceQuality "1"]
[TimeControl "40/6000+30:20/3000+30:900+30"]

1. Nf3 d5 2. d4 Nf6 3. Bf4 g6 4. c3 Bg7 5. h3 O-O 6. e3 c5 7. Nbd2 Nfd7 8. Be2 Nc6 9. O-O b6 10. b4 e5 11. dxe5 Ndxe5 12. Nxe5 Nxe5 13. Nb3 Bf5 14. bxc5 bxc5 15. Nxc5 Rc8 16. Nb3 Rxc3 17. Nd4 Bd7 18. Qd2 Qa5 19. Rac1 Ra3 20. Qxa5 Rxa5 21. Rc7 Rxa2 22. Bxe5 Bxe5 23. Rxd7 Bxd4 24. Bf3 Bb6 25. Bxd5 Rc2 26. Ra1 Rcc8 27. Rd1 Rc7 28. Rxc7 Bxc7 29. Bb3 Rd8 30. Rxd8+ Bxd8 1/2-1/2

[Event "FIDE Chesscom Grand Swiss 2021"]
[Site "Riga"]
[Date "2021.11.07"]
[Round "11.17"]
[White "Volokitin, Andrei"]
[Black "Maghsoodloo, Parham"]
[Result "1/2-1/2"]
[ECO "B31"]
[WhiteElo "2652"]
[BlackElo "2701"]
[Annotator "RC"]
[PlyCount "121"]
[EventDate "2021.10.27"]
[EventType "swiss"]
[EventCountry "LAT"]
[Tiebreak "Cut1 Buchholz+Sonneborn-Berger (Swiss)"]
[SourceTitle "playchess.com"]
[Source "ChessBase"]
[SourceQuality "1"]
[TimeControl "40/6000+30:20/3000+30:900+30"]

1. e4 c5 2. Nf3 Nc6 3. Bb5 g6 4. Bxc6 bxc6 5. d4 d6 6.
dxc5 Qa5+ 7. Nbd2 Qxc5 8. O-O Nf6 9. a3 Bg7 10. b4 Qh5 11. Bb2 O-O 12. Re1 a5 13. c4 Rb8 14. Qb3 axb4 15. axb4 c5 16. b5 Ne8 17. e5 Bb7 18.
Ne4 Qf5 19. Ng3 Qf4 20. Ne2 Qf5 21. Ng3 Qf4 22. Re3 d5 23.
cxd5 Qb4 24. Rd1 Nc7 25. d6 Qxb3 26. Rxb3 Rfd8 27. Rd2 exd6 28. exd6 Ne6 29. Bxg7 Kxg7 30. Ne2 f6 31. h3 Kf7 32. b6 Ke8 33. Re3 Kd7 34. Nc3 Bc6 35. Rb2 Nd4 36. Nd2 Kxd6 37. Nc4+ Kd7 38. Ra2 Ra8 39. Ra7+ Rxa7 40. bxa7 Ba8 41. Ne4 Kc6 42. Nxf6 Kb5 43. Ne5 c4 44. Ne4 Kb4 45. Nc3 Rc8 46. Na2+ Kb5 47. Nxc4 Rxc4 48. Re8 Bc6 49. a8=Q Bxa8 50. Rxa8 Nc6 51. Ra3 Rc2 52. Rb3+ Kc4 53. Rb6 Nd4 54. Nb4 Rd2 55. Na6 Rd1+ 56. Kh2 Rd2 57. Kg1 Rd1+ 58. Kh2 Rd2 59. Rb7 Rxf2 60. Rxh7 Ra2 61. Rc7+ 1/2-1/2

[Event "FIDE Chesscom Grand Swiss 2021"]
[Site "Riga"]
[Date "2021.11.07"]
[Round "11.22"]
[White "Antipov, Mikhail Al."]
[Black "Najer, Evgeniy"]
[Result "1/2-1/2"]
[ECO "B90"]
[WhiteElo "2619"]
[BlackElo "2654"]
[Annotator "RC"]
[PlyCount "126"]
[EventDate "2021.10.27"]
[EventType "swiss"]
[EventCountry "LAT"]
[Tiebreak "Cut1 Buchholz+Sonneborn-Berger (Swiss)"]
[SourceTitle "playchess.com"]
[Source "ChessBase"]
[SourceQuality "1"]
[TimeControl "40/6000+30:20/3000+30:900+30"]

1. e4 c5 2. Nf3 d6 3. d4 cxd4 4. Nxd4 Nf6 5. Nc3 a6 6. Be3 e5 7. Nb3 Be6 8. f3 h5 9. Nd5 Bxd5 10. exd5 g6 11. Qd2 Nbd7 12. O-O-O Bg7 13. Kb1 Qc7 14. h3 Rc8 15. c4 b6 16. g3 Nc5 17. Be2 Nxb3 18.
axb3 a5 19. g4 Kf8 20. g5 Nd7 21. Rhf1 Re8 22. f4 exf4 23. Rxf4 Be5 24. Rf3 Kg7 25. Rdf1 Re7 26. Bd3 Rhe8 27. Qc2 Rb8 28. h4 Qd8 29. Bd2 Qe8 30. Bc3 Kg8 31. Ka2 Bxc3 32. Qxc3 Ne5 33. Rf6 Qd7 34. Re1 Qc7 35. Rxe5 Rxe5 36. Bxg6 fxg6 37. Rxg6+ Kf7 38. Rf6+ Kg8 39. Rg6+ Kf7 40. Rh6 Rg8 41. Rh7+ Rg7 42. Rh8 Rf5 43. Qd3 Qd7 44. Qe2 a4 45. Qxh5+ Ke7 46. Qh6 axb3+ 47. Kxb3 Rgf7 48. g6 b5 49. gxf7 bxc4+ 50. Kc3 Rf3+ 51. Kd2 Rf2+ 52. Ke1 Rf1+ 53. Kxf1 Qf5+ 54. Kg1 Qg4+ 55. Kf2 Qf5+ 56. Kg3 Qd3+ 57. Kg4 Qd1+ 58. Kg5 Qxd5+ 59. Kf4 Qd2+ 60. Kf3 Qd1+ 61. Kf2 Qc2+ 62. Kg3 Qd3+ 63. Kg4 Qd1+ 1/2-1/2

[Event "FIDE Chesscom Grand Swiss 2021"]
[Site "Riga"]
[Date "2021.11.07"]
[Round "11.28"]
[White "Demchenko, Anton"]
[Black "Hovhannisyan, Robert"]
[Result "*"]
[ECO "C50"]
[WhiteElo "2651"]
[BlackElo "2622"]
[Annotator "RC"]
[PlyCount "56"]
[EventDate "2021.10.27"]
[EventType "swiss"]
[EventCountry "LAT"]
[Tiebreak "Cut1 Buchholz+Sonneborn-Berger (Swiss)"]
[SourceTitle "playchess.com"]
[Source "ChessBase"]
[SourceQuality "1"]
[TimeControl "40/6000+30:20/3000+30:900+30"]

1. e4 e5 2. Nf3 Nc6 3. Bc4 Bc5 4. d3 Nf6 5. a4 a5 6. Be3 Bxe3 7. fxe3 O-O 8. Nc3 d6 9. Qe2 Be6 10. O-O-O Qe7 11. Kb1 Rad8 12. Bxe6 Qxe6 13. g4 Nb4 14. g5 Nd7 15. d4 c6 16. h4 d5 17. exd5 cxd5 18. dxe5 Nxe5 19. Nxe5 Qxe5 20. Rd4 Rfe8 21. Rhd1 Rc8 22. Qf2 Rc4 23. Rxc4 dxc4 24. Rd4 Qe6 25. Re4 Qc6 26. Rxe8+ Qxe8 27. Qf4 h6 28. Qxc4 Qxe3 *

[Event "FIDE Chesscom Grand Swiss 2021"]
[Site "Riga"]
[Date "2021.11.07"]
[Round "11.29"]
[White "Donchenko, Alexander"]
[Black "Zvjaginsev, Vadim"]
[Result "0-1"]
[ECO "A43"]
[WhiteElo "2648"]
[BlackElo "2609"]
[Annotator "RC"]
[PlyCount "82"]
[EventDate "2021.10.27"]
[EventType "swiss"]
[EventCountry "LAT"]
[Tiebreak "Cut1 Buchholz+Sonneborn-Berger (Swiss)"]
[SourceTitle "playchess.com"]
[Source "ChessBase"]
[SourceQuality "1"]
[TimeControl "40/6000+30:20/3000+30:900+30"]

1. d4 c5 2. d5 g6 3. e4 Bg7 4. c4 d6 5. Be2 e6 6. Nf3 exd5 7. cxd5 Bg4 8.
Nfd2 Bxe2 9. Qxe2 Ne7 10. Nc3 Nd7 11. h4 O-O 12. h5 Re8 13.
hxg6 hxg6 14. Nc4 Nf5 15. Bf4 Nb6 16. Nd2 Nd4 17. Qd3 c4 18.
Qh3 g5 19. Be3 Nc2+ 20. Kd1 Nxa1 21. Nf3 Nd7 22. Bxg5 Qb6 23. Qh7+ Kf8 24. Bh6 Bxh6 25. Qxh6+ Ke7 26. Qg5+ f6 27. Rh7+ Kd8 28. Qg7 Nf8 29. Qxf6+ Kc8 30. Rf7 Nd7 31. Qg7 Rd8 32. Ne2 a5 33. Nf4 Qxf2 34. Ne6 Nc2 35. Qc3 Ne3+ 36. Kc1 Rg8 37. b3 Ne5 38. Nxe5 Qg1+ 39. Kb2 Nd1+ 40. Ka3 Nxc3 41. Rc7+ Kb8 0-1

[Event "FIDE Chesscom Grand Swiss 2021"]
[Site "Riga"]
[Date "2021.11.07"]
[Round "11.30"]
[White "Abdusattorov, Nodirbek"]
[Black "Sindarov, Javokhir"]
[Result "1/2-1/2"]
[ECO "D85"]
[WhiteElo "2646"]
[BlackElo "2587"]
[Annotator "RC"]
[PlyCount "60"]
[EventDate "2021.10.27"]
[EventType "swiss"]
[EventCountry "LAT"]
[Tiebreak "Cut1 Buchholz+Sonneborn-Berger (Swiss)"]
[SourceTitle "playchess.com"]
[Source "ChessBase"]
[SourceQuality "1"]
[TimeControl "40/6000+30:20/3000+30:900+30"]

1. d4 Nf6 2. c4 g6 3. Nc3 d5 4. cxd5 Nxd5 5. e4 Nxc3 6. bxc3 Bg7 7. Nf3 c5 8. Be3 Qa5 9. Qd2 Nc6 10. Rb1 a6 11. Rc1 cxd4 12. cxd4 Qxd2+ 13. Kxd2 e6 14. h4 O-O 15. Bd3 Bd7 16. h5 Rfc8 17. h6 Bf8 18.
Bg5 b5 19. Rc2 f5 20. Ke3 Nb4 21. Rxc8 Rxc8 22. Bb1 Nc2+ 23. Kd2 Na3 24. Bd3 Nc4+ 25. Ke2 Bc6 26. exf5 exf5 27. Rc1 Bd5 28. Ne5 Ba3 29. Rc2 Be6 30. Bc1 Bd5 1/2-1/2

[Event "FIDE Chesscom Grand Swiss 2021"]
[Site "Riga"]
[Date "2021.11.07"]
[Round "11.31"]
[White "Tari, Aryan"]
[Black "Nguyen, Thai Dai Van"]
[Result "1/2-1/2"]
[ECO "C80"]
[WhiteElo "2646"]
[BlackElo "2577"]
[Annotator "RC"]
[PlyCount "84"]
[EventDate "2021.10.27"]
[EventType "swiss"]
[EventCountry "LAT"]
[Tiebreak "Cut1 Buchholz+Sonneborn-Berger (Swiss)"]
[SourceTitle "playchess.com"]
[Source "ChessBase"]
[SourceQuality "1"]
[TimeControl "40/6000+30:20/3000+30:900+30"]

1. e4 e5 2. Nf3 Nc6 3. Bb5 a6 4. Ba4 Nf6 5. O-O Nxe4 6. Re1 b5 7. Nxe5 Nxe5 8. Rxe4 d6 9. Bb3 Bb7 10. Re1 Be7 11. d4 Ng6 12. Nc3 O-O 13.
Qh5 Qd7 14. Nd5 Bxd5 15. Bxd5 c6 16. Be4 Rfe8 17. Bd2 Bf6 18.
c3 d5 19. Bf5 Qb7 20. b4 Rxe1+ 21. Rxe1 Nf8 22. Qf3 a5 23. a3 axb4 24. axb4 Ra2 25. Qf4 Qa8 26. g3 Ra1 27. Bb1 Ra7 28. Kg2 Qd8 29. Bd3 Ne6 30. Qg4 Ra2 31. Bc1 Qe7 32. Bf5 Ra8 33. h4 Re8 34. Bd2 Qd7 35.
h5 g6 36. Bd3 Bg7 37. h6 f5 38. Qh4 Bf8 39. Ra1 Be7 40. Qh1 Bd6 41. Kg1 Be7 42. Re1 Bg5 1/2-1/2

[Event "FIDE Chesscom Grand Swiss 2021"]
[Site "Riga"]
[Date "2021.11.07"]
[Round "11.32"]
[White "Tabatabaei, M. Amin"]
[Black "Kuybokarov, Temur"]
[Result "1/2-1/2"]
[ECO "D02"]
[WhiteElo "2639"]
[BlackElo "2549"]
[Annotator "RC"]
[PlyCount "90"]
[EventDate "2021.10.27"]
[EventType "swiss"]
[EventCountry "LAT"]
[Tiebreak "Cut1 Buchholz+Sonneborn-Berger (Swiss)"]
[SourceTitle "playchess.com"]
[Source "ChessBase"]
[SourceQuality "1"]
[TimeControl "40/6000+30:20/3000+30:900+30"]

1. d4 d5 2. Nf3 Nf6 3. Bf4 c5 4. e3 Nc6 5. Nbd2 Bg4 6. c3 e6 7. Qb3 Qc8 8. h3 Bh5 9. Be2 Be7 10. O-O O-O 11. Qd1 Qd8 12. a4 Bd6 13.
dxc5 Bxc5 14. a5 Bd6 15. a6 b6 16. Qa4 Rc8 17. Bb5 Ne7 18.
Rfe1 Bg6 19. Rad1 Nf5 20. g4 Ne7 21. Ne5 Qc7 22. Ndc4 dxc4 23. Rxd6 Qxd6 24. Nxg6 Qc5 25. Nxf8 Kxf8 26. Rd1 e5 27. Bh2 g5 28. b4 cxb3 29. Qxb3 Ng6 30. c4 Kg7 31. Qd3 Qb4 32. Bg3 Qb2 33.
Qf5 Rc5 34. Qd3 h5 35. Rd2 Qc1+ 36. Rd1 Qb2 37. Qd2 Qb3 38. Qe2 hxg4 39. hxg4 Ne4 40. Rd7 Nxg3 41. fxg3 e4 42. Rxa7 Ne5 43. Re7
Nf3+ 44. Kg2 Qb1 45. Rxe4
Ne1+ 1/2-1/2

[Event "FIDE Chesscom Grand Swiss 2021"]
[Site "Riga"]
[Date "2021.11.07"]
[Round "11.33"]
[White "Sadhwani, Raunak"]
[Black "Niemann, Hans Moke"]
[Result "1/2-1/2"]
[ECO "C93"]
[WhiteElo "2609"]
[BlackElo "2638"]
[Annotator "RC"]
[PlyCount "149"]
[EventDate "2021.10.27"]
[EventType "swiss"]
[EventCountry "LAT"]
[Tiebreak "Cut1 Buchholz+Sonneborn-Berger (Swiss)"]
[SourceTitle "playchess.com"]
[Source "ChessBase"]
[SourceQuality "1"]
[TimeControl "40/6000+30:20/3000+30:900+30"]

1. e4 e5 2. Nf3 Nc6 3. Bb5 a6 4. Ba4 Nf6 5. O-O Be7 6. Re1 b5 7. Bb3 O-O 8. c3 d6 9. h3 Bb7 10. d4 Re8 11. Ng5 Rf8 12. Nf3 h6 13.
Nbd2 Re8 14. Nf1 Bf8 15. Ng3 Na5 16. Bc2 Nc4 17. Nh2 d5 18.
b3 Nb6 19. dxe5 Nxe4 20. Nxe4 dxe4 21. Bf4 f5 22. exf6 Qxf6 23. Qg4 h5 24. Qg3 Bd6 25. Bxd6 cxd6 26. Rad1 d5 27. Rd4 Rac8 28. Bd1 Re5 29. Be2 Rf8 30. Qe3 Nc8 31. Rf1 Nd6 32. f4 exf3 33. Qxf3 Rf5 34. Qxh5 Qe7 35. Qg4 Qe3+ 36. Kh1 Ne4 37. Bf3 Rf4 38. Qe6+ Kh8 39. Qg6 R4f5 40. Qg4 Nf2+ 41. Rxf2 Qxf2 42. Qh4+ Qxh4 43. Rxh4+ Kg8 44. Rd4 Rc8 45. Rd3 b4 46. Bg4 bxc3 47. Rd1 Rf2 48. Bxc8 Bxc8 49. Rc1 Rxa2 50. Nf3 c2 51. Nd4 Kf7 52. Nxc2 Bf5 53. Nb4 Rb2 54. Nxd5 Be4 55. Nf4 Rf2 56. Rc7+ Kg8 57. Rc4 Rxf4 58. Kg1 a5 59. g3 Rf3 60. Rxe4 Rxg3+ 61. Kf2 Rxb3 62. Re8+ Kf7 63. Ra8 Rb5 64. Ra6 g5 65. Kg3 Ke7 66. h4 gxh4+ 67. Kxh4 Kd7 68. Kg4 Kc7 69. Kf4 Kb7 70. Rh6 a4 71. Ke3 a3 72. Rh1 Kb6 73. Kd2 Ka5 74. Kc3 Rb4 75. Rh8 1/2-1/2

[Event "FIDE Chesscom Grand Swiss 2021"]
[Site "Riga"]
[Date "2021.11.07"]
[Round "11.36"]
[White "Sethuraman, S.P.."]
[Black "Rakhmanov, Aleksandr"]
[Result "0-1"]
[ECO "E20"]
[WhiteElo "2620"]
[BlackElo "2657"]
[Annotator "RC"]
[PlyCount "120"]
[EventDate "2021.10.27"]
[EventType "swiss"]
[EventCountry "LAT"]
[Tiebreak "Cut1 Buchholz+Sonneborn-Berger (Swiss)"]
[SourceTitle "playchess.com"]
[Source "ChessBase"]
[SourceQuality "1"]
[TimeControl "40/6000+30:20/3000+30:900+30"]

1. d4 Nf6 2. c4 e6 3. g3 Bb4+ 4. Nc3 Ne4 5. Qc2 Nxc3 6. bxc3 Be7 7. Bg2 d6 8. Nf3 Nd7 9. O-O O-O 10. h4 h6 11. Rd1 Qe8 12. Rb1 Nb6 13.
c5 dxc5 14. Ne5 Qa4 15. Qd3 c4 16. Qd2 c5 17. dxc5 Bxc5 18.
e4 Qa5 19. Ng4 Be7 20. Qe2 e5 21. Ne3 Rd8 22. Nd5 Nxd5 23. exd5 Bd6 24. Qxc4 b6 25. Qe2 Bf5 26. Rb3 Qa4 27. c4 Rac8 28. Bf1 Qd7 29. Re1 Rc7 30. Ba3 Bxa3 31. Rxa3 f6 32. Qd2 Qd6 33. Rb3 Bd7 34. Qb2 Kf8 35. Qb1 Kg8 36. Qg6 Be8 37. Qe4 Re7 38. g4 g6 39. Rg3 Rdd7 40.
a4 Qc5 41. Qf3 Rd6 42. g5 hxg5 43. hxg5 f5 44. Qc3 e4 45. Rh3 Rg7 46. Ra1 Bd7 47. a5 f4 48. Qe5 e3 49. axb6 exf2+ 50. Kh2 Bxh3 51. Bxh3 Qe3 52. Be6+ Kh8 53. Qxe3 fxe3 54. Kg2 axb6 55. Kf3 Ra7 56. Rh1+ Rh7 57. Ra1 Rxe6 58. dxe6 Rh3+ 59. Kg2 Kg7 60. e7 Kf7 0-1